 Dungeon Crawl Stone Soup version 0.23.1 (webtiles) character file.

Game seed: 0

149 esteth the Conjurer (level 5, -1/28 HPs)
             Began as a Deep Elf Fire Elementalist on Mar 10, 2019.
             Slain by Duvessa
             ... wielding a +0 short sword
              (12 damage)
             ... on level 4 of the Dungeon.
             The game lasted 00:07:49 (3446 turns).

esteth the Conjurer (Deep Elf Fire Elementalist)    Turns: 3446, Time: 00:07:49

Health: -1/28      AC:  2    Str:  5    XL:     5   Next: 9%
Magic:  7/11       EV: 13    Int: 21    God:
Gold:   149        SH:  0    Dex: 15    Spells: 5/10 levels left

rFire    . . .     SeeInvis .   h - +2 dagger (protect)
rCold    . . .     Gourm    .   (no shield)
rNeg     . . .     Faith    .   a - +0 robe
rPois    .         Spirit   .   (no helmet)
rElec    .         Reflect  .   (no cloak)
rCorr    .         Harm     .   (no gloves)
MR       .....                  (no boots)
Stlth    ++........             (no amulet)
HPRegen  0.09/turn              (no ring)
MPRegen  0.12/turn              (no ring)

@: no status effects
A: no striking features
a: no special abilities


You were on level 4 of the Dungeon.
You were very hungry.

You visited 1 branch of the dungeon, and saw 4 of its levels.

You collected 149 gold pieces.

Inventory:

Hand Weapons
 h - a +2 dagger of protection (weapon)
 k - a +0 club
Armour
 a - a +0 robe (worn)
Jewellery
 e - an uncursed ring of positive energy {unknown}
 l - an uncursed ring of resist corrosion {unknown}
Scrolls
 b - 3 scrolls of identify {unknown}
 f - a scroll of noise {unknown}
 i - 2 scrolls of remove curse {unknown}
 j - 3 scrolls of teleportation {unknown}
 r - a scroll of random uselessness {unknown}
Potions
 d - a potion of ambrosia
 g - a potion of curing
 m - a potion of mutation {unknown}
 n - 3 potions of heal wounds {unknown}
 o - a potion of lignification {unknown}
 p - a potion of haste {unknown}
 s - a potion of flight {unknown}
Comestibles
 c - 5 rations


   Skills:
 - Level 2.4 Dodging
 - Level 2.4 Stealth
 - Level 3.0 Spellcasting
 + Level 4.5 Conjurations
 + Level 4.5 Fire Magic


You had 5 spell levels left.
You knew the following spells:

 Your Spells              Type           Power        Failure   Level  Hunger
a - Flame Tongue          Conj/Fire      ###..        1%          1    None
b - Sticky Flame          Conj/Fire      ###.....     21%         4    ####...

Your spell library contained the following spells:

 Spells                   Type           Power        Failure   Level  Hunger
 Throw Flame              Conj/Fire      ###...       3%          2    ##.....
 Conjure Flame            Conj/Fire      ###.....     6%          3    ###....
 Confusing Touch          Hex            #.....       13%         1    None
 Inner Flame              Hex/Fire       ##......     16%         3    ###....
 Confuse                  Hex            #.......     36%         3    ###....
 Gell's Gravitas          Tloc           #.........   36%         3    ###....
 Fireball                 Conj/Fire      ###.......   50%         5    ######.
 Petrify                  Tmut/Erth      #.......     78%         4    ####...
 Metabolic Englaciation   Hex/Ice        #.........   98%         5    ######.
 Yara's Violent Unravell  Hex/Tmut       #.........   98%         5    ######.


Dungeon Overview and Level Annotations

Branches:
Dungeon (4/15)
 Temple: D:4-7

Altars:
Fedhas
Kikubaaqudgha
Okawaru
Sif Muna
Yredelemnul

Annotations:
D:2 Terence
D:4 Dowan, Duvessa


Message History

Duvessa says, "When magic and the sword combine, nothing stands against them."
Dowan casts a spell.
Dowan blinks!
Duvessa looks more energetic.
There is an open door here.
Level annotation: Dowan, Duvessa No command named 'ABIL_CONVERT_TO_BEOGH' Welcome back, esteth the Deep Elf Fire Elementalist.
Press ? for a list of commands and other information.
Cast which spell? (? or * to list)
Aiming: Sticky Flame (slightly dangerous; 21% risk of failure)
Press: ? - help, Shift-Dir - straight line, f - Duvessa
Aim: Duvessa, wielding a +0 short sword and wearing a +0 leather armour The sticky flame hits Duvessa but does no damage.
Duvessa is covered in liquid flames!
You are feeling very hungry.
Duvessa burns!
Duvessa says, "I don't care about looks, I care about technique!"
Duvessa hits you with a +0 short sword!
You die...

#.# #.# #.#
######.#
#.#####......#
#.O..el......#
#.#####......#
#l# #......#
#.# #......#
#e# ########
#@# #.# #.#
#.# #.# #<#
###


You could see Duvessa (burning), an ogre and a frilled lizard.

Vanquished Creatures
  A worker ant (D:4)
  Robin (D:2)
  3 adders
  3 oozes
  A worm (D:2)
  A dart slug (D:4)
  4 leopard geckos
  4 bats
  2 giant cockroaches (D:2)
  18 goblins
  9 hobgoblins
  2 jackals (D:2)
  A quokka (D:3)
  3 frilled lizards
  3 kobolds (D:1)
  6 rats (D:1)
62 creatures vanquished.

Notes
Turn   | Place    | Note
-------+----------+-------------------------------------------
     0 | D:1      | esteth the Deep Elf Fire Elementalist began the quest for
                  | the Orb.
     0 | D:1      | Reached XP level 1. HP: 10/10 MP: 6/6
     6 | D:1      | Noticed a swamp drake
     6 | D:1      | Noticed a black bear
     6 | D:1      | Noticed an anaconda
     6 | D:1      | Noticed a swamp worm
   468 | D:1      | Reached XP level 2. HP: 15/15 MP: 4/8
  1309 | D:1      | Reached XP level 3. HP: 15/19 MP: 9/9
  1656 | D:2      | Noticed Terence
  1766 | D:2      | Found a faded altar of an unknown god.
  1975 | D:2      | Reached XP level 4. HP: 21/24 MP: 4/10
  2003 | D:2      | Found an ancient bone altar of Kikubaaqudgha.
  2149 | D:2      | Learned a level 4 spell: Sticky Flame
  2420 | D:3      | Noticed Robin
  2571 | D:2      | Killed Robin
  2773 | D:3      | Found a deep blue altar of Sif Muna.
  2933 | D:3      | Found an iron altar of Okawaru.
  2933 | D:3      | Found a basalt altar of Yredelemnul.
  2936 | D:3      | Found a blossoming altar of Fedhas.
  3401 | D:4      | Reached XP level 5. HP: 28/28 MP: 7/11
  3402 | D:4      | Noticed Duvessa
  3404 | D:4      | Noticed an ogre
  3414 | D:4      | Noticed Dowan
  3446 | D:4      | Slain by Duvessa

Skill      XL: |  1  2  3  4 |
---------------+-------------+-----
Conjurations   | 2 3 4 |  4.5
Fire Magic     | 4 |  4.5
Dodging        | |  2.4
Stealth        | |  2.4
Spellcasting   | |  3.0

Action                   |  1- 3 |  4- 6 || total
-------------------------+-------+-------++-------
Melee: Unarmed           |    23 |       ||    23
       Dagger            |    52 |    46 ||    98
       Club              |     9 |       ||     9
 Cast: Flame Tongue      |    45 |    28 ||    73
       Sticky Flame      |       |     2 ||     2
  Use: Scroll            |     1 |       ||     1
       Potion            |       |     4 ||     4
 Stab: Sleeping          |     1 |     4 ||     5
  Eat: Chunk             |     3 |     4 ||     7
Armor: Robe              |    19 |    18 ||    37
Dodge: Dodged            |    64 |    34 ||    98
